 Dungeon Crawl Stone Soup version 0.21.0-3-g78d12a8bdd (webtiles) character file.

267183 DildoBatman the Bewitcher (level 20, -3/147 HPs)
             Began as a Formicid Enchanter on Jan 16, 2018.
             Was the Champion of Sif Muna.
             Slain by a long sword of holy wrath (13 damage)
             ... on level 2 of the Elven Halls on Jan 17, 2018.
             The game lasted 06:53:45 (56784 turns).

DildoBatman the Bewitcher (Formicid Enchanter)     Turns: 56784, Time: 06:53:45

Health: -3/147     AC: 23    Str: 35    XL:     20   Next: 96%
Magic:  32/36      EV: 13    Int: 17    God:    Sif Muna [******]
Gold:   3497       SH: 15    Dex: 11    Spells: 16/43 levels left

rFire    + . .     SeeInvis +   a - +11 spear of Honour {drain, *Slow Str+8}
rCold    . . .     Gourm    .   g - +2 shield
rNeg     . . .     Faith    +   p - +4 chain mail
rPois    .         Spirit   .   (helmet unavailable)
rElec    .         Reflect  .   Z - +1 cloak
rCorr    .         Harm     .   t - +1 pair of gloves {Str+3}
MR       ++...                  m - +0 pair of boots
Stlth    ++........             G - amulet of faith
HPRegen  0.34/turn              w - ring of protection from fire
MPRegen  0.25/turn              s - +4 ring of strength

@: drained
A: permanent stasis, dig shafts and tunnels, four strong arms, antennae 3,
talons 1, yellow scales 1, blurry vision 1, sense surroundings 1
}: 2/15 runes: serpentine, barnacled
a: Dig, Shaft Self, Divine Energy, Channel Magic, Forget Spell, Renounce
Religion


You were on level 2 of the Elven Halls.
You worshipped Sif Muna.
Sif Muna was exalted by your worship.
You were not hungry.

You visited 8 branches of the dungeon, and saw 35 of its levels.
You also visited: Ossuary.

You collected 3793 gold pieces.
You spent 296 gold pieces at shops.

Inventory:

Hand Weapons
 a - the +11 spear of Honour (weapon) {drain, *Slow Str+8}
   (You took it off a crimson imp on level 8 of the Dungeon)

   A truly terrible weapon, it drains the life of those it strikes.
   It affects your strength (+8).
   It may slow you when you take damage.
 b - the +6 spear "Tetubraps" {venom, rC+ Int+2 Dex+3}
   (You bought it in a shop on level 2 of the Orcish Mines)

   It poisons the flesh of those it strikes.
   It affects your intelligence (+2).
   It affects your dexterity (+3).
   It protects you from cold.
 L - a +0 short sword of venom
Armour
 g - a +2 shield (worn)
 l - a +1 robe of the Archmagi
 m - a +0 pair of boots (worn)
 o - a +0 troll leather armour
 p - a +4 chain mail (worn)
 q - a scarf of resistance
 t - a +1 pair of gloves of strength (worn)
 F - the +1 robe of Gixzanof {rF+ MR+ Dex+6}
   (You found it on level 5 of the Dungeon)

   It affects your dexterity (+6).
   It protects you from fire.
   It affects your resistance to hostile enchantments.
 H - a +2 chain mail of poison resistance
 K - a +3 chain mail of fire resistance
 N - a +0 shield of reflection
 Z - a +1 cloak (worn)
Magical Staves
 u - an uncursed staff of wizardry {unknown}
Jewellery
 h - an uncursed ring of stealth
 s - a +4 ring of strength (right hand)
 w - a ring of protection from fire (left hand)
 A - an uncursed ring of resist corrosion
 C - an uncursed ring of fire
 E - an uncursed ring of positive energy
 G - an amulet of faith (around neck)
 O - an uncursed ring of ice
 S - an uncursed ring of positive energy
 V - an uncursed ring of flight
Wands
 e - a wand of enslavement (14)
 j - a wand of disintegration (14)
 D - a wand of iceblast (9)
 I - a wand of paralysis (15)
 J - a wand of random effects (22)
Scrolls
 c - 2 scrolls of enchant weapon
 f - 3 scrolls of summoning
 x - 8 scrolls of remove curse
 y - 8 scrolls of fog
 z - 16 scrolls of identify
 B - 2 scrolls of enchant armour
Potions
 k - a potion of heal wounds
 r - 13 potions of curing
 M - 2 potions of resistance
Books
 d - Sif Muna's Reference Book on Transmigration
   (Sif Muna gifted it to you on level 1 of the Elven Halls)

   Spells                             Type                      Level
   a - Beastly Appendage              Transmutation                1
   b - Statue Form                    Transmutation/Earth          6
   c - Dragon Form                    Transmutation                7
Miscellaneous
 n - a fan of gales (inert)
 Y - a lamp of fire (inert)
Comestibles
 i - 5 chunks of flesh
 v - 41 rations


   Skills:
 - Level 10.0(9.9) Fighting
 - Level 1.0(2.0) Short Blades
   Level 2.9 Long Blades
 - Level 7.0(6.9) Polearms
 - Level 10.0(9.8) Armour
 - Level 8.0(7.9) Dodging
 - Level 12.0(11.9) Stealth
 - Level 10.0(9.9) Shields
 - Level 12.0(11.8) Spellcasting
 - Level 19.0(18.8) Hexes
 - Level 12.0(11.8) Charms
 - Level 10.0(9.9) Necromancy
 * Level 10.0(9.9) Transmutations
 - Level 7.0(6.9) Air Magic
 * Level 10.7(10.6) Earth Magic
 - Level 5.0(4.9) Evocations


You had 16 spell levels left.
You knew the following spells:

 Your Spells              Type           Power        Failure   Level  Hunger
a - Slow                  Hex            ######..     0%          2    None
b - Confuse               Hex            ######..     1%          3    None
c - Spectral Weapon       Hex/Chrm       ######..     1%          3    None
d - Regeneration          Chrm/Necr      #####.....   1%          3    None
f - Darkness              Hex            ######....   1%          6    ######.
g - Passwall              Tmut/Erth      #####.....   1%          2    None
h - Swiftness             Chrm/Air       #####...     1%          2    None
j - Silence               Hex/Air        ######....   3%          5    ####...
v - Corona                Hex            ######.      0%          1    None


Dungeon Overview and Level Annotations

Branches:
Dungeon (15/15)            Temple (1/1) D:5            Lair (6/6) D:10
 Shoals (4/4) Lair:3        Snake (4/4) Lair:4        Slime (0/5) Lair:5
    Orc (2/2) D:10            Elf (2/3) Orc:2        Vaults (1/5) D:13
 Depths (0/5) D:15

Altars:
Cheibriados
Dithmenos
Elyvilon
Gozag
Hepliaklqana
Kikubaaqudgha
Nemelex Xobeh
Okawaru
Sif Muna
Uskayaw
Vehumet
Wu Jian
Xom
Yredelemnul
Beogh

Shops:
D:12 %!:   D:14 *   Orc:1 (   Orc:2 (!}*   Elf:1 *

Portals:
Pandemonium: Orc:2

Annotations:
Lair:5 exclusion: 5 oklob plants


Innate Abilities, Weirdness & Mutations

You cannot be hasted, slowed, berserked, paralysed or teleported.
You can dig through walls and to a lower floor.
Your four strong arms can wield two-handed weapons with a shield.
You have a pair of large antennae on your head. (SInv)
You have sharp toenails.
You are partially covered in yellow scales. (AC +2)
Scrolls take you a little longer to read.
You passively map a small area around you.


Message History

Your spectral weapon barely misses the battleaxe of chopping.
You block the battleaxe of chopping's attack.
The lajatang of freezing hits you!! The lajatang of freezing freezes you.
You feel much better.
The long sword of holy wrath hits your spectral weapon!
Your spectral weapon shares its damage with you!
The lajatang of freezing hits you! The lajatang of freezing freezes you.
The battleaxe of chopping hits you!
The battleaxe of chopping hits your spectral weapon!!
Your spectral weapon shares its damage with you!
Your spectral weapon fades away.
You feel much better.
Your skin stops crawling.
The lajatang of freezing hits you! The lajatang of freezing freezes you.
The battleaxe of chopping hits you. The long sword of holy wrath hits you!
You die...

# ### ### #####
####.####.####...##
.##...##...##.....##
...................##
..............#..(..#
#............###@(..#
##..........## ##(..#
#...........# #e..#
.............# ....#
.............#*#....#
.............. .....#
............, ......#
........... ......#
.......... , .......#


You could see a deep elf knight and 3 dancing weapons.

Vanquished Creatures
  Saint Roka (Snake:4)
  Jorgrun (Shoals:4)
  3 krakens (Shoals:4)
  Frances (D:13)
  Gastronok (D:9)
  Donald (Shoals:1)
  6 nagarajas
  Kirke (D:13)
  Ilsuiw (Shoals:4)
  Aizul (Snake:4)
  A deep elf sorcerer (Elf:1)
  Louise (Snake:4)
  An orc warlord (Orc:1)
  A stone giant (Shoals:2)
  A deep elf demonologist (Elf:2)
  Nessos (Lair:4)
  An ettin (Orc:1)
  6 merfolk javelineers
  4 merfolk impalers
  2 deep elf high priests (Elf:1)
  Josephine (Orc:2)
  2 hydras
  Erolcha (D:13)
  A catoblepas (D:15)
  6 anacondas
  Harold (Lair:3)
  20 naga warriors
  Erica (D:9)
  4 merfolk avatars
  8 vault guards (D:13)
  4 centaur warriors
  18 dancing weapons
  3 tengu warriors
  7 two-headed ogres
  6 satyrs
  8 orc high priests
  7 naga sharpshooters
  7 shock serpents
  A sun demon (Orc:2)
  Nergalle (Lair:4)
  10 deep elf knights
  2 skeletal warriors (D:15)
  4 salamander mystics
  14 sea snakes
  A torturous demonspawn (Orc:2)
  A gelid demonspawn (Orc:2)
  6 deep elf archers
  8 naga ritualists
  A phantasmal warrior (D:15)
  7 orc knights
  17 harpies
  Pikel (D:6)
  7 mana vipers
  A necromancer (D:15)
  6 orc sorcerers
  A fire giant zombie (D:15)
  An iron dragon zombie (D:15)
  13 cyclopes
  18 ugly things
  37 deep elf magi
  7 manticores
  23 fauns
  18 salamanders
  5 elephants (Lair:3)
  7 merfolk sirens
  2 guardian serpents (Snake:4)
  An ice statue (D:10)
  3 water nymphs
  24 black mambas
  26 naga magi
  22 spiny frogs
  A kobold demonologist (D:14)
  A rime drake (Lair:5)
  A spriggan skeleton (D:15)
  9 komodo dragons
  5 wind drakes
  A red devil (Orc:2)
  7 trolls
  2 hellwings (Orc:2)
  20 merfolk
  4 tyrant leeches (Lair:6)
  A polar bear (shapeshifter) (D:15)
  2 polar bears
  29 blink frogs
  A hornet (D:11)
  11 dream sheep
  12 hippogriffs
  Grinder (D:3)
  7 slime creatures
  4 snapping turtles
  An ice dragon zombie (D:15)
  2 air elementals (Elf:1)
  2 shadows
  Eustachio (D:4)
  6 wraiths
  29 yaks
  3 wyverns
  9 water elementals
  A vampire (D:7)
  3 hogs
  2 basilisks
  A fire elemental (Elf:1)
  6 vampire mosquitoes
  4 hungry ghosts
  2 chaos spawn (Orc:2)
  A neqoxec (Orc:2)
  Edmund (D:4)
  47 nagas
  5 wargs
  A soldier ant (shapeshifter) (D:13)
  10 water moccasins
  6 porcupines
  2 eyes of draining
  52 orc warriors
  6 ice beasts
  4 slaves
  A black bear (shapeshifter) (D:14)
  4 black bears
  6 wolves (Lair:5)
  2 necrophages (D:10)
  4 phantoms
  5 sky beasts
  17 ogres
  10 boggarts
  5 centaurs
  8 crocodiles
  Blork the orc (D:6)
  5 gnoll sergeants
  4 big kobolds
  21 bullfrogs
  An earth elemental (Elf:1)
  A wyvern zombie (D:7)
  2 scorpions
  14 killer bees
  24 wights
  4 electric eels
  11 crimson imps
  A howler monkey (D:8)
  5 centaur zombies
  3 quasits
  3 bullfrog zombies
  8 jellies
  5 hounds
  Crazy Yiuf (D:7)
  8 centaur skeletons
  32 orc priests
  5 bullfrog skeletons
  3 iguanas
  2 hell rats (Lair:1)
  11 worker ants
  28 orc wizards
  A statue (D:6)
  2 big kobold zombies (Ossuary)
  2 hound zombies
  A hound skeleton (D:6)
  4 mummies (Ossuary)
  6 gnolls
  3 howler monkey skeletons
  13 adders
  10 river rats (Lair:1)
  8 shadow imps
  3 white imps (D:13)
  2 adder zombies (D:5)
  2 oozes (D:1)
  A worm (D:1)
  4 dart slugs
  8 leopard geckos
  92 orcs
  4 giant cockroaches
  3 gnoll zombies (Ossuary)
  10 goblins
  8 hobgoblins
  9 jackals
  13 kobolds
  6 quokkas
  4 bats
  3 frilled lizards
  2 goblin zombies (Ossuary)
  A jackal zombie (Ossuary)
  A leopard gecko skeleton (D:8)
  A quokka skeleton (D:8)
  9 rats
  A rat zombie (Ossuary)
  A spectral orc (D:6)
  17 fungi
  27 plants
  3 spectral weapons
  8 tentacles (Shoals:4)
1321 creatures vanquished.

Vanquished Creatures (collateral kills)
  A spiny frog (Lair:6)
  2 vampire mosquitoes (Lair:6)
  A kobold (D:14)
4 creatures vanquished.

Vanquished Creatures (others)
  A merfolk javelineer (Shoals:4)
  A satyr (Shoals:2)
  A faun (Shoals:4)
  A dream sheep (Shoals:3)
  A water elemental (Elf:1)
  An orc zombie (Ossuary)
  A rat zombie (Ossuary)
  2 fungi (Lair:6)
  60 plants
  49 spectral weapons
  108 tentacles (Shoals:4)
226 creatures vanquished.

Grand Total: 1551 creatures vanquished

Notes
Turn   | Place    | Note
-------+----------+-------------------------------------------
     0 | D:1      | DildoBatman the Formicid Enchanter began the quest for the Orb.
     0 | D:1      | Reached XP level 1. HP: 13/13 MP: 3/3
   232 | D:1      | Reached skill level 1 in Fighting
   340 | D:1      | Reached XP level 2. HP: 13/21 MP: 3/5
   741 | D:1      | Reached XP level 3. HP: 28/28 MP: 6/6
   746 | D:1      | Learned a level 3 spell: Confuse
  1774 | D:2      | Reached XP level 4. HP: 17/35 MP: 7/7
  2951 | D:3      | Noticed a bullfrog
  2966 | D:3      | Killed a bullfrog
  2966 | D:3      | Reached skill level 1 in Armour
  2966 | D:3      | Reached skill level 4 in Hexes
  2966 | D:3      | Reached skill level 1 in Evocations
  2966 | D:3      | Reached XP level 5. HP: 11/42 MP: 1/8
  3712 | D:3      | Found an opulent altar of Gozag.
  3814 | D:3      | Noticed an ice beast
  3951 | D:4      | Reached XP level 6. HP: 14/48 MP: 2/9
  3993 | D:4      | Noticed Edmund
  4055 | D:4      | Found a sand-covered staircase.
  4059 | D:4      | Noticed Grinder
  4373 | Ossuary  | Entered an ossuary
  5066 | D:5      | Entered Level 5 of the Dungeon
  5077 | D:5      | Noticed Eustachio
  5122 | D:5      | Reached XP level 7. HP: 39/54 MP: 8/10
  5413 | D:5      | Found a staircase to the Ecumenical Temple.
  5432 | Temple   | Entered the Ecumenical Temple
  5449 | Temple   | Became a worshipper of Sif Muna the Loreminder
  5540 | D:5      | Found an iron altar of Okawaru.
  5674 | D:5      | Reached skill level 5 in Hexes
  5842 | D:5      | Got a bloodstained robe
  5854 | D:5      | Identified the cursed +1 robe of Gixzanof {rF+ MR+ Dex+6} (You found it on level 5 of the Dungeon)
  5925 | D:5      | Found a sparkling altar of Nemelex Xobeh.
  6184 | D:4      | Killed Eustachio
  6184 | D:4      | Reached skill level 5 in Stealth
  6271 | D:4      | Killed Edmund
  6271 | D:4      | Reached skill level 6 in Hexes
  6271 | D:4      | Reached XP level 8. HP: 13/60 MP: 2/11
  6551 | D:3      | Killed Grinder
  6551 | D:3      | Reached * piety under Sif Muna
  6551 | D:3      | Reached skill level 7 in Hexes
  6588 | D:3      | Reached skill level 8 in Hexes
  7058 | D:5      | Reached skill level 9 in Hexes
  7389 | D:6      | Reached ** piety under Sif Muna
  7389 | D:6      | Reached skill level 10 in Hexes
  7389 | D:6      | Reached XP level 9. HP: 65/65 MP: 9/12
  7486 | D:6      | Noticed Pikel
  7947 | D:6      | Found a shadowy altar of Dithmenos.
  7947 | D:6      | Found a hide-covered altar of Uskayaw.
  8024 | D:6      | Found a basalt altar of Yredelemnul.
  8063 | D:6      | Noticed Blork the orc
  8080 | D:6      | Killed Blork the orc
  8210 | D:6      | Found a radiant altar of Vehumet.
  8339 | D:6      | Killed Pikel
  8856 | D:7      | Reached skill level 11 in Hexes
  9010 | D:7      | Noticed a hippogriff
  9070 | D:7      | Killed a hippogriff
  9070 | D:7      | Reached *** piety under Sif Muna
  9104 | D:7      | Noticed a troll
  9131 | D:7      | Killed a troll
  9131 | D:7      | Reached skill level 5 in Spellcasting
  9131 | D:7      | Reached XP level 10. HP: 56/71 MP: 14/18
 10051 | D:7      | Reached skill level 12 in Hexes
 10123 | D:7      | Reached **** piety under Sif Muna
 11935 | D:7      | Reached skill level 13 in Hexes
 12105 | D:7      | Got a transparent robe
 12147 | D:7      | Got a dazzling short sword
 12152 | D:7      | Got a transparent dagger
 12318 | D:8      | Identified the +9 dagger "Orb Guardian's Bane" {pierce, rN+} (You found it on level 7 of the Dungeon)
 13016 | D:8      | Reached skill level 14 in Hexes
 13024 | D:8      | Noticed a two-headed ogre
 13042 | D:8      | Reached XP level 11. HP: 48/77 MP: 12/20
 13205 | D:8      | Killed a two-headed ogre
 13242 | D:8      | Reached ***** piety under Sif Muna
 13336 | D:8      | Reached skill level 5 in Fighting
 13603 | D:8      | Learned a level 5 spell: Silence
 13613 | D:8      | Got a polished spear {drain}
 13698 | D:8      | Identified Sif Muna's Volume of Clay and Boosts (Sif Muna gifted it to you on level 8 of the Dungeon)
 13698 | D:8      | Received a gift from Sif Muna
 13706 | D:8      | Learned a level 3 spell: Spectral Weapon
 14267 | D:7      | Reached skill level 1 in Air Magic
 14495 | D:7      | Reached skill level 1 in Charms
 14526 | D:7      | Found a runed door.
 14530 | D:7      | Noticed Crazy Yiuf
 14536 | D:7      | Killed Crazy Yiuf
 14906 | D:9      | Reached skill level 5 in Armour
 14960 | D:9      | Noticed a two-headed ogre
 15004 | D:9      | Killed a two-headed ogre
 15225 | D:9      | Noticed a cyclops
 15235 | D:9      | Killed a cyclops
 15460 | D:9      | Noticed Erica
 15689 | D:9      | Noticed Gastronok
 15785 | D:10     | Entered Level 10 of the Dungeon
 15804 | D:10     | Reached skill level 1 in Long Blades
 16256 | D:10     | Found a staircase to the Lair.
 16530 | D:10     | Reached XP level 12. HP: 73/86 MP: 10/21
 16533 | D:10     | Reached skill level 15 in Hexes
 16735 | D:10     | Identified Sif Muna's Reference Book on Slavery and the Oath (Sif Muna gifted it to you on level 10 of the Dungeon)
 16735 | D:10     | Received a gift from Sif Muna
 17109 | D:10     | Found a staircase to the Orcish Mines.
 17285 | D:10     | Reached skill level 5 in Charms
 17969 | D:10     | Identified the +11 spear of Honour {drain, *Slow Str+8} (You took it off a crimson imp on level 8 of the Dungeon)
 18483 | D:11     | Noticed a two-headed ogre
 18495 | D:11     | Killed a two-headed ogre
 18680 | D:11     | Noticed a two-headed ogre
 18690 | D:11     | Killed a two-headed ogre
 18690 | D:11     | Reached skill level 16 in Hexes
 19018 | D:12     | Found Jogu's Food Shop.
 19184 | D:12     | Noticed a tengu warrior
 19193 | D:12     | Killed a tengu warrior
 19270 | D:12     | Identified Sif Muna's Grimoire of Shifting Battle Magic (Sif Muna gifted it to you on level 12 of the Dungeon)
 19270 | D:12     | Received a gift from Sif Muna
 19327 | D:12     | Found Sutzoh's Book Shoppe.
 19406 | D:12     | Reached XP level 13. HP: 87/91 MP: 8/22
 19662 | D:10     | Identified the +6 short sword of Inflation {flame, +Blink MP+9 Dex-2} (You found it on level 7 of the Dungeon)
 19673 | D:10     | Identified the cursed +1 robe of the Lobster {rPois rC- rCorr Int-3} (You took it off a wight on level 7 of the Dungeon)
 20211 | D:12     | Found Saic's Distillery.
 20608 | D:13     | Noticed Frances
 20713 | Lair:1   | Entered Level 1 of the Lair of Beasts
 20772 | Lair:1   | Reached skill level 10 in Charms
 21007 | Lair:1   | Found a shadowy altar of Dithmenos.
 21052 | Lair:1   | Learned a level 3 spell: Regeneration
 22417 | Lair:3   | Reached skill level 1 in Necromancy
 23050 | D:10     | Gained mutation: You have sharp toenails. [potion of mutation]
 23050 | D:10     | Gained mutation: You are partially covered in yellow scales. (AC +2) [potion of mutation]
 23050 | D:10     | Gained mutation: You passively map a small area around you. [potion of mutation]
 23265 | Lair:3   | Noticed Harold
 23288 | Lair:3   | Killed Harold
 23288 | Lair:3   | Reached skill level 5 in Dodging
 23555 | Lair:3   | Found a staircase to the Shoals.
 23749 | Lair:4   | Identified Sif Muna's Collected Works on Enchanting Confrontation (Sif Muna gifted it to you on level 4 of the Lair of Beasts)
 23749 | Lair:4   | Received a gift from Sif Muna
 23809 | Lair:4   | Noticed Nergalle
 23825 | Lair:4   | Killed Nergalle
 23969 | Lair:4   | Reached XP level 14. HP: 29/100 MP: 8/25
 24213 | Lair:4   | Got a twisted hand axe
 24234 | Lair:4   | Identified the +5 hand axe "Fuly" {antimagic, -Tele rC++ Int+2 Dex+3} (You found it on level 4 of the Lair of Beasts)
 24327 | Lair:4   | Found a staircase to the Snake Pit.
 24447 | Lair:4   | Noticed Nessos
 24474 | Lair:4   | Killed Nessos
 24474 | Lair:4   | Reached skill level 17 in Hexes
 24831 | Lair:5   | Got a distressingly furry leather armour
 24843 | Lair:5   | Identified the +0 leather armour of Honour {rPois rN+ MR-} (You found it on level 5 of the Lair of Beasts)
 25004 | Lair:5   | Found a staircase to the Slime Pits.
 25257 | Lair:5   | Reached skill level 5 in Necromancy
 25592 | Lair:6   | Entered Level 6 of the Lair of Beasts
 25611 | Lair:5   | Identified Fefoexta's Disquisition on the Cankerous Blaze (Sif Muna gifted it to you on level 5 of the Lair of Beasts)
 25611 | Lair:5   | Received a gift from Sif Muna
 26021 | Lair:6   | HP: 4/100 [spiny frog (14)]
 26555 | Lair:6   | Received a gift from Sif Muna
 26590 | Lair:6   | Reached skill level 18 in Hexes
 26937 | Lair:6   | Reached skill level 1 in Polearms
 27085 | Lair:6   | Reached ****** piety under Sif Muna
 27811 | Orc:1    | Entered Level 1 of the Orcish Mines
 28227 | D:9      | Killed Erica
 28227 | D:9      | Reached XP level 15. HP: 106/106 MP: 18/27
 28538 | Orc:1    | Reached skill level 1 in Shields
 28789 | Orc:1    | Noticed an orc warlord
 28882 | Orc:1    | Killed an orc warlord
 29119 | Orc:1    | Found Qemuclit's Antique Weapon Emporium.
 29569 | Orc:2    | Entered Level 2 of the Orcish Mines
 29585 | Orc:2    | Noticed Josephine
 30118 | Orc:2    | Killed Josephine
 30316 | Orc:2    | Found a staircase to the Elven Halls.
 30712 | Orc:2    | Identified Koarghut's Catalogue of Transmutation (Sif Muna gifted it to you on level 2 of the Orcish Mines)
 30712 | Orc:2    | Received a gift from Sif Muna
 30920 | Orc:2    | Found Fyl Job's Distillery.
 30922 | Orc:2    | Found Zoips's General Store.
 31335 | Orc:2    | Gained mutation: Scrolls take you a little longer to read. [a neqoxec]
 32251 | Orc:2    | Reached skill level 5 in Shields
 32317 | Orc:2    | Found Ygromeg's Gadget Shoppe.
 32317 | Orc:2    | Found Zigeh's Antique Weapon Emporium.
 32317 | Orc:2    | Found a one-way gate leading to the halls of Pandemonium.
 32321 | Orc:2    | Bought a fine spear for 296 gold pieces
 32482 | D:10     | Identified the +6 spear "Tetubraps" {venom, rC+ Int+2 Dex+3} (You bought it in a shop on level 2 of the Orcish Mines)
 32556 | D:10     | Learned a level 2 spell: Passwall
 32798 | Snake:1  | Entered Level 1 of the Snake Pit
 32858 | Shoals:1 | Entered Level 1 of the Shoals
 32974 | Shoals:1 | Reached skill level 1 in Earth Magic
 32975 | Shoals:1 | Reached skill level 1 in Transmutations
 33313 | Snake:1  | Reached XP level 16. HP: 64/115 MP: 25/29
 33737 | Snake:1  | Received a gift from Sif Muna
 33744 | Snake:1  | Learned a level 2 spell: Slow
 34011 | Lair:4   | Reached skill level 10 in Spellcasting
 34693 | Snake:2  | Reached skill level 5 in Air Magic
 35522 | Snake:2  | Reached skill level 10 in Shields
 36429 | Snake:3  | Noticed a nagaraja
 36690 | Snake:3  | Found a hazy altar of Hepliaklqana.
 36818 | Snake:3  | Reached XP level 17. HP: 121/122 MP: 26/31
 37439 | Snake:4  | Entered Level 4 of the Snake Pit
 37521 | Snake:4  | Noticed Louise
 38199 | Shoals:1 | Reached skill level 10 in Stealth
 38219 | Shoals:1 | Noticed Donald
 39108 | Shoals:2 | Reached skill level 5 in Polearms
 39852 | D:9      | Killed Gastronok
 40064 | D:13     | Noticed Kirke
 40248 | D:13     | Noticed a sphinx
 40269 | D:13     | Killed Kirke
 40315 | D:13     | Noticed Erolcha
 40366 | D:13     | Killed Erolcha
 40485 | D:13     | Identified Sif Muna's Almanac of Snow and Enhancements (Sif Muna gifted it to you on level 13 of the Dungeon)
 40485 | D:13     | Received a gift from Sif Muna
 40502 | D:13     | Learned a level 2 spell: Swiftness
 40606 | D:13     | Found a gate to the Vaults.
 41222 | D:13     | Identified the Disquisition on Clay and Enchantment
 41408 | D:13     | Killed Frances
 41408 | D:13     | Reached XP level 18. HP: 131/132 MP: 19/32
 41583 | D:14     | Found a runed door.
 42233 | D:14     | Found Vuen's General Store.
 42262 | D:14     | Identified Sif Muna's Grimoire of Creative Boosts (Sif Muna gifted it to you on level 14 of the Dungeon)
 42262 | D:14     | Received a gift from Sif Muna
 42408 | D:15     | Entered Level 15 of the Dungeon
 43485 | D:15     | Found a staircase to the Depths.
 44106 | D:14     | Found a roughly hewn altar of Beogh.
 44311 | D:10     | Learned a level 6 spell: Darkness
 45758 | Shoals:4 | Entered Level 4 of the Shoals
 45765 | Shoals:4 | Noticed Jorgrun
 45926 | Shoals:4 | Noticed Ilsuiw
 46153 | Shoals:3 | Reached skill level 10 in Fighting
 46312 | Shoals:3 | Reached skill level 10 in Armour
 46491 | Shoals:4 | Identified Sif Muna's Guide on Darkness (Sif Muna gifted it to you on level 4 of the Shoals)
 46491 | Shoals:4 | Received a gift from Sif Muna
 46547 | Shoals:3 | Reached XP level 19. HP: 121/140 MP: 22/33
 46675 | Shoals:4 | Reached skill level 5 in Evocations
 46925 | Shoals:4 | Killed Jorgrun
 48528 | Shoals:4 | Got a barnacled rune of Zot
 49038 | Shoals:4 | Killed Ilsuiw
 50878 | Shoals:1 | Killed Donald
 51547 | Snake:4  | Killed Louise
 51633 | Snake:4  | Identified Sif Muna's Guide on Contamination and Augmentations (Sif Muna gifted it to you on level 4 of the Snake Pit)
 51633 | Snake:4  | Received a gift from Sif Muna
 51763 | Snake:4  | Noticed Saint Roka
 52011 | Snake:4  | Killed Saint Roka
 52011 | Snake:4  | Reached skill level 10 in Necromancy
 52782 | Snake:4  | Reached skill level 19 in Hexes
 52881 | Snake:4  | Noticed Aizul
 52944 | Snake:4  | Killed Aizul
 53060 | Snake:4  | Identified Sif Muna's Papyrus of Unstable Snow (Sif Muna gifted it to you on level 4 of the Snake Pit)
 53060 | Snake:4  | Received a gift from Sif Muna
 53060 | Snake:4  | Reached skill level 5 in Earth Magic
 53060 | Snake:4  | Reached XP level 20. HP: 146/147 MP: 31/36
 53101 | Snake:4  | Reached skill level 5 in Transmutations
 53654 | Snake:4  | Got a serpentine rune of Zot
 54259 | Vaults:1 | Entered Level 1 of the Vaults
 54398 | Elf:1    | Entered Level 1 of the Elven Halls
 55067 | Elf:1    | Identified Sif Muna's Reference Book on Transmigration (Sif Muna gifted it to you on level 1 of the Elven Halls)
 55067 | Elf:1    | Received a gift from Sif Muna
 55444 | Elf:1    | Found Wodoitu's General Store.
 55992 | Elf:2    | Found a runed gate.
 56020 | Elf:2    | Found a runed gate.
 56020 | Elf:2    | Found a runed gate.
 56242 | Elf:2    | Reached skill level 10 in Earth Magic
 56692 | Elf:2    | Reached skill level 10 in Transmutations
 56783 | Elf:2    | HP: 1/147 [battleaxe of chopping (10)]
 56784 | Elf:2    | Slain by a long sword of holy wrath

Skill      XL: |  1  2  3  4  5  6  7  8  9 10 11 12 13 14 15 16 17 18 19 20 |
---------------+-------------------------------------------------------------+-----
Fighting       | 1 2 3 4 5 6 7 9 10 | 10.0
Armour         | 1 2 3 5 6 7 9 10 | 10.0
Dodging        | 2 3 4 5 6 7 8 |  8.0
Stealth        | 4 5 6 8 12 | 12.0
Hexes          | 4 6 10 11 14 16 18 19 | 19.0
Evocations     | 1 3 4 5 |  5.0
Spellcasting   | 5 6 7 8 9 10 12 | 12.0
Air Magic      | 2 4 5 6 7 |  7.0
Charms         | 3 8 10 11 12 | 12.0
Long Blades    | 2 |  2.9
Necromancy     | 3 7 9 10 | 10.0
Polearms       | 1 3 6 7 |  7.0
Shields        | 5 10 | 10.0
Earth Magic    | 2 4 5 10 | 10.7
Transmutations | 1 4 10 | 10.0
Short Blades   | |  1.0

Action                   |  1- 3 |  4- 6 |  7- 9 | 10-12 | 13-15 | 16-18 | 19-21 || total
-------------------------+-------+-------+-------+-------+-------+-------+-------++-------
Melee: Dagger            |   127 |   152 |    25 |   426 |    15 |       |       ||   745
       Rapier            |       |    56 |    47 |       |       |       |       ||   103
       Flail             |       |       |   170 |   164 |       |       |       ||   334
       Spear             |       |       |       |   126 |  1173 |  1324 |  1071 ||  3694
       Staff             |       |       |       |       |       |       |     4 ||     4
 Cast: Corona            |    10 |    24 |    19 |   111 |    90 |     2 |       ||   256
       Confuse           |     3 |    10 |    43 |   194 |   171 |   115 |    46 ||   582
       Spectral Weapon   |       |       |       |    65 |   182 |   191 |   152 ||   590
       Silence           |       |       |       |     1 |    11 |     6 |     8 ||    26
       Regeneration      |       |       |       |       |    75 |   128 |   119 ||   322
       Slow              |       |       |       |       |       |   105 |    43 ||   148
       Darkness          |       |       |       |       |       |     1 |       ||     1
 Abil: Dig               |     1 |     6 |     5 |    19 |    30 |    25 |    18 ||   104
       Evoke Flight      |       |       |       |       |       |       |    29 ||    29
       Stop Flying       |       |       |       |       |       |       |     1 ||     1
Evoke: Wand              |       |    29 |       |       |       |       |       ||    29
       Fan of gales      |       |       |       |       |     1 |       |     2 ||     3
       Lamp of fire      |       |       |       |       |       |       |     2 ||     2
  Use: Scroll            |       |     5 |     2 |     5 |    10 |     2 |       ||    24
       Potion            |       |       |       |       |     3 |       |     2 ||     5
 Stab: Sleeping          |     6 |     5 |     6 |     7 |     9 |     9 |     2 ||    44
       Confused          |       |     1 |    28 |    78 |    63 |    38 |    19 ||   227
       Distracted        |       |       |       |     2 |    10 |    19 |    24 ||    55
  Eat: Chunk             |    17 |    12 |    12 |    42 |    59 |    47 |    28 ||   217
       Ration            |       |       |     1 |     3 |     2 |     2 |     6 ||    14
Armor: Robe              |     6 |       |    54 |    65 |    95 |     1 |     1 ||   222
       Ring mail         |    22 |    80 |     7 |       |    77 |   107 |       ||   293
       Troll leather arm |       |       |       |       |     1 |       |       ||     1
       Scale mail        |       |       |       |       |    21 |       |       ||    21
       Chain mail        |       |       |       |       |    10 |   191 |   226 ||   427
Dodge: Dodged            |    73 |   118 |   122 |   308 |   413 |   340 |   212 ||  1586
Block: Buckler           |       |       |       |       |    54 |    22 |       ||    76
       Shield            |       |       |       |       |       |   435 |   448 ||   883
       Reflection        |       |       |       |       |       |    58 |    18 ||    76
